 Dungeon Crawl Stone Soup version 0.16-a0-4123-g49b462e (webtiles) character file.

96 Chiseanne the Grave Robber (level 4, -2/21 HPs)
             Began as a Vine Stalker Necromancer on Mar 2, 2015.
             Slain by an orc priest
             ... wielding a +0 whip
              (5 damage)
             ... on level 3 of the Dungeon.
             The game lasted 00:07:44 (2447 turns).

Chiseanne the Grave Robber (VSNe)                   Turns: 2447, Time: 00:07:45

Health: -2/21      AC:  3    Str: 10    XL:     4   Next: 67%
Magic:  0/11       EV: 11    Int: 16    God:
Gold:   140        SH:  3    Dex: 15    Spells: 4 memorised, 2 levels left

rFire  . . .     SeeInvis .     m - +1 hand axe
rCold  . . .     Clarity  .     k - +0 robe
rNeg   + . .     SustAb   .     l - +0 buckler
rPois  .         Gourm    .     (no helmet)
rElec  .         Spirit   +     i - +0 cloak
rCorr  .         Warding  .     (no gloves)
rMut   .         Stasis   .     (no boots)
MR     .....                    (no amulet)
Stlth  ++........               (no ring)
                                r - ring of positive energy

@: very slightly contaminated, not resistant to hostile enchantments, unstealthy
A: fangs 2, regeneration 1, magic shield, antimagic bite, no device heal 3, rot
immunity
a: no special abilities


You were on level 3 of the Dungeon.
You were not hungry.

You visited 1 branch of the dungeon, and saw 3 of its levels.

You collected 140 gold pieces.

Inventory:

Hand weapons
 m - a +1 hand axe (weapon)
Missiles
 h - 103 stones (quivered)
 p - 23 arrows
 q - 49 sling bullets
 t - 16 bolts
Armour
 i - a +0 cloak (worn)
 k - a +0 robe (worn)
 l - a +0 buckler (worn)
Jewellery
 r - a ring of positive energy (left hand)
Scrolls
 d - a scroll of recharging
 f - 2 scrolls of remove curse
 o - a scroll of enchant weapon
 s - a scroll of noise {unknown}
Potions
 e - a potion of haste
 g - a potion of brilliance {unknown}
 j - 2 potions of curing
Books
 b - a book of Necromancy

   Spells                             Type                      Level
   a - Pain                           Necromancy                   1
   b - Animate Skeleton               Necromancy                   1
   c - Vampiric Draining              Necromancy                   3
   d - Regeneration                   Charms/Necromancy            3
   e - Animate Dead                   Necromancy                   4
   f - Control Undead                 Necromancy                   4
Comestibles
 a - 5 chunks of flesh
 c - 2 bread rations
 n - 2 meat rations


   Skills:
 - Level 1.5 Dodging
 - Level 2.4 Stealth
 * Level 3.5 Spellcasting
 * Level 5.1 Necromancy


You had 2 spell levels left.
You knew the following spells:

 Your Spells              Type           Power        Failure   Level  Hunger
a - Pain                  Necr           ###.         3%          1    None
b - Animate Skeleton      Necr           N/A          3%          1    None
c - Vampiric Draining     Necr           ###.......   12%         3    ###....
d - Regeneration          Chrm/Necr      ##........   38%         3    ###....


Dungeon Overview and Level Annotations

Branches:
Dungeon (3/15)

Altars:


Innate Abilities, Weirdness & Mutations

You have extremely sharp teeth.
Your natural rate of healing is unusually fast.
When hurt, damage is shared between your health and your magic reserves.
Your bite disrupts and absorbs the magic of your enemies.
Potions and wands cannot restore your health.
You are immune to rotting.


Message History

The orc dies!
Your rat skeleton closely misses the orc.
The orc priest hits you with a whip. The orc hits you with a club.
The orc hits you with a dagger.
Things that are here:
a club; an orc corpse
Casting: Pain
Confirm with . or Enter, or press ? or * to list all spells.
You attempt to give life to the dead...
Before your eyes, flesh is ripped from the corpse!
The dead are walking!
The orc priest mumbles some strange prayers to Beogh against you.
Pain shoots through your body!
* * * LOW HITPOINT WARNING * * *
Your orc skeleton closely misses the orc.
Your rat skeleton barely misses the orc.
The orc hits you but does no damage. The orc closely misses you.
You see here a chunk of flesh.
The orc priest hits you with a whip.
You die...

#.# #.# #.#
#.# #.# #.#
#.####.#####
#..........#
######†###.##
#
#.##.#Z####.#
#...##Zoo...#
##.....@oZ..#
#..###+###..#
....# .# #..#
# #.


You could see an orc priest, 2 orcs, a friendly rat skeleton and 2 friendly orc
skeletons.

Vanquished Creatures
  2 adders (D:2)
  2 giant mites
  2 worms
  A giant gecko (D:2)
  An ooze (D:3)
  4 orcs (D:3)
  2 ball pythons
  4 bats
  3 giant cockroaches (D:2)
  3 goblins
  4 hobgoblins (D:1)
  3 jackals (D:1)
  4 kobolds
  2 quokkas (D:2)
  2 giant newts
  9 rats
48 creatures vanquished.

Vanquished Creatures (collateral kills)
  An orc (D:3)
  A bat (D:1)
  A hobgoblin (D:3)
  2 kobolds (D:2)
  2 rats
7 creatures vanquished.

Vanquished Creatures (others)
  A bat skeleton (D:1)
  2 orc skeletons (D:3)
  A rat skeleton (D:3)
4 creatures vanquished.

Grand Total: 59 creatures vanquished

Notes
Turn   | Place    | Note
--------------------------------------------------------------
     0 | D:1      | Chiseanne, the Vine Stalker Necromancer, began the quest for the Orb.
     0 | D:1      | Reached XP level 1. HP: 9/9 MP: 3/3
    38 | D:1      | Learned a level 1 spell: Animate Skeleton
   271 | D:1      | Reached XP level 2. HP: 11/13 MP: 2/6
   656 | D:1      | Reached XP level 3. HP: 16/16 MP: 7/7
  1247 | D:2      | Learned a level 3 spell: Vampiric Draining
  1741 | D:2      | Reached XP level 4. HP: 17/21 MP: 5/10
  1793 | D:2      | Learned a level 3 spell: Regeneration
  2129 | D:3      | Reached skill level 5 in Necromancy
  2447 | D:3      | Slain by an orc priest

Action                   |  1- 3 |  4- 6 || total
-------------------------+-------+-------++-------
Melee: Unarmed           |     4 |       ||     4
       Hand axe          |       |     4 ||     4
 Cast: Pain              |    51 |    43 ||    94
       Animate Skeleton  |    17 |    10 ||    27
       Vampiric Draining |       |     1 ||     1
  Use: Scroll            |     6 |     1 ||     7
 Stab: Sleeping          |       |     1 ||     1
  Eat: Chunk             |     3 |     2 ||     5
